 Dungeon Crawl Stone Soup version 0.29-a0-284-gf9362112df (webtiles) character file.

Game seed: 4813035038770670512

145013 dolemite99 the Fighter (level 16, -10/129 HPs)
             Began as a Demonspawn Fighter on Mar 15, 2022.
             Was the Champion of Kikubaaqudgha.
             Mangled by a goliath frog (20 damage)
             ... called by a spriggan druid
             ... on level 2 of the Swamp.
             The game lasted 00:52:34 (43195 turns).

dolemite99 the Fighter (Demonspawn Fighter)        Turns: 43195, Time: 00:52:34

Health: -10/129    AC: 18    Str: 29    XL:     16   Next: 86%
Magic:  0/24       EV: 10    Int: 12    God:    Kikubaaqudgha [******]
Gold:   1186       SH: 11    Dex: 12    Spells: 16/26 levels left

rFire   + . .      SeeInvis .   a - +3 trident (flame)
rCold   + . .      Faith    .   C - +0 kite shield
rNeg    . . .      Spirit   +   n - +0 plate armour {rC+}
rPois   .          Reflect  .   h - +2 helmet
rElec   .          Harm     .   d - +1 cloak
rCorr   +          Rampage  .   m - +2 pair of gloves
Will    +....                   i - +2 pair of boots
Stlth   ..........              I - amulet of guardian spirit
HPRegen 0.31/turn               z - +6 ring of strength {=R}
MPRegen 0.19/turn               F - ring of Suspicion {+Blink rF+ rCorr}

@: mighty, corroded, hasted, repel missiles, very quick
A: repulsion field 3, spiny 3, demonic magic 1, demonic touch 2
a: Renounce Religion, Evoke Blink, Receive Corpses, Torment


You were on level 2 of the Swamp.
You worshipped Kikubaaqudgha.
Kikubaaqudgha was exalted by your worship.
You visited 5 branches of the dungeon, and saw 27 of its levels.

You collected 2996 gold pieces.
You spent 1810 gold pieces at shops.

Inventory:

Hand Weapons
 a - a +3 trident of flaming (weapon)
 b - the +6 hunting sling "Vomu" {venom, rElec Str+4 Int+2}
   (You found it on level 9 of the Dungeon)

   Any ammunition fired from it poisons the flesh of those it strikes.
   Str:       It affects your strength (+4).
   Int:       It affects your intelligence (+2).
   rElec:     It insulates you from electricity.
 N - a +4 trident of pain
Missiles
 g - 21 poisoned darts
 k - 4 javelins
Armour
 d - a +1 cloak (worn)
 h - a +2 helmet (worn)
 i - a +2 pair of boots (worn)
 m - a +2 pair of gloves (worn)
 n - a +0 plate armour of cold resistance (worn)
 C - a +0 kite shield (worn)
 K - a +0 chain mail
Magical Staves
 v - a staff of cold
 D - a staff of fire
Jewellery
 y - a ring of wizardry
 z - a +6 ring of strength (left hand) {=R}
 F - the ring of Suspicion (right hand) {+Blink rF+ rCorr}
   (You found it on level 6 of the Lair of Beasts)

   [ring of protection from fire]

   rF:        It protects you from fire.
   +Blink:    It lets you blink.
   rCorr:     It protects you from acid and corrosion.
 I - an amulet of guardian spirit (around neck)
 P - a ring of see invisible
 S - a +4 ring of evasion
 U - the ring "Enatucwio" {Fire Str+3}
   (You found it on level 5 of the Lair of Beasts)

   [ring of fire]

   It enhances your fire magic.
   Str:       It affects your strength (+3).
   rF:        It protects you from fire.
   rC:        It makes you vulnerable to cold.
Wands
 A - a wand of flame (28)
 B - a wand of iceblast (13)
 J - a wand of polymorph (15)
 R - a wand of paralysis (19)
 V - a wand of charming (5)
Scrolls
 c - 2 scrolls of fog
 o - 3 scrolls of magic mapping
 r - a scroll of enchant armour
 E - 3 scrolls of identify {@r1}
 G - 4 scrolls of amnesia
 M - 3 scrolls of teleportation
 W - a scroll of vulnerability
Potions
 e - a potion of brilliance
 f - a potion of berserk rage
 j - 7 potions of curing
 l - a potion of resistance
 q - 8 potions of flight
 s - 5 potions of attraction
 u - a potion of lignification
 w - 4 potions of cancellation
 x - 3 potions of ambrosia
 Q - 4 potions of magic
 X - 2 potions of haste
 Y - 3 potions of might
Miscellaneous
 H - a box of beasts (inert)
 L - a lightning rod (2/4)
 O - a tin of tremorstones (inert)


   Skills:
 + Level 12.6 Fighting
 - Level 11.1(13.4) Axes
 - Level 12.2(14.0) Polearms
 - Level 8.5 Slings
 - Level 9.4 Armour
 - Level 9.5 Shields
 - Level 5.6 Spellcasting
 - Level 10.7 Necromancy
 - Level 6.3 Evocations


You had 16 spell levels left.
You knew the following spells:

 Your Spells              Type           Power      Damage    Failure   Level
a - Animate Skeleton      Necr           58%        N/A       4%          1
b - Vampiric Draining     Necr           29%        2d8       13%         3
c - Corpse Rot            Necr/Air       32%        N/A       50%         2
d - Animate Dead          Necr           14%        N/A       38%         4

Your spell library contained the following spells:

 Spells                   Type           Power      Damage    Failure   Level
 Sublimation of Blood     Necr           29%        N/A       6%          2
 Agony                    Necr           29%        N/A       75%         5
 Excruciating Wounds      Necr           14%        N/A       75%         5
 Apportation              Tloc           6%         N/A       98%         1
 Shock                    Conj/Air       12%        1d3       98%         1
 Summon Small Mammal      Summ           12%        N/A       98%         1
 Ensorcelled Hibernation  Hex/Ice        6%         N/A       99%         2
 Passwall                 Tmut/Erth      2%         N/A       99%         2
 Poisonous Vapours        Pois/Air       6%         N/A       99%         2
 Scorch                   Fire           6%         2d5       99%         2
 Dazzling Flash           Conj/Hex       6%         N/A       100%        3
 Inner Flame              Hex/Fire       3%         N/A       100%        3
 Portal Projectile        Hex/Tloc       6%         N/A       100%        3
 Spider Form              Tmut/Pois      3%         N/A       100%        3
 Swiftness                Air            3%         N/A       100%        3
 Airstrike                Air            1%         N/A       100%        4
 Cause Fear               Hex            1%         N/A       100%        4
 Olgreb's Toxic Radiance  Pois           3%         N/A       100%        4
 Petrify                  Tmut/Erth      3%         N/A       100%        4
 Sticky Flame             Conj/Fire      3%         2d3       100%        4
 Blade Hands              Tmut           1%         N/A       100%        5
 Borgnjor's Vile Clutch   Necr/Erth      8%         N/A       100%        5
 Fireball                 Conj/Fire      1%         3d3       100%        5
 Irradiate                Conj/Tmut      1%         3d14      100%        5
 Silence                  Hex/Air        1%         N/A       100%        5
 Death Channel            Necr           14%        N/A       100%        6
 Simulacrum               Ice/Necr       8%         N/A       100%        6
 Dragon Form              Tmut           1%         N/A       100%        7
 Malign Gateway           Summ/Tloc      1%         N/A       100%        7
 Ozocubu's Refrigeration  Ice            1%         4d5       100%        7
 Ignition                 Fire           1%         3d3       100%        8
 Summon Horrible Things   Summ           1%         N/A       100%        8
 Dragon's Call            Summ           1%         N/A       100%        9


Dungeon Overview and Level Annotations

Branches:
Dungeon (15/15)            Temple (0/1) D:5            Lair (6/6) D:9
  Swamp (3/4) Lair:4       Spider (1/4) Lair:4        Slime (0/5) Lair:5
    Orc (2/2) D:10            Elf (0/3) Orc:2        Vaults (0/5) D:14
 Depths (0/4) D:15

Altars:
Cheibriados
Kikubaaqudgha
Nemelex Xobeh
Okawaru
Ru
Sif Muna
Uskayaw
Xom
Beogh
Jiyva
Lugonu

Shops:
D:1 *   D:2 *   D:3 ?   Orc:2 !*(*

Portals:
Trove: D:10 (give +3 storm dragon scales)

Annotations:
D:6 Blork the orc
D:15 3 runed translucent doors
Lair:3 exclusion: oklob plant
Lair:4 2 transporters, Jysajome's ghost, adept OgCj
Lair:6 1 runed translucent door, Daunt's ghost, journeyman DgHu


Innate Abilities, Weirdness & Mutations

You are surrounded by a strong repulsion field. (EV +4, RMsl)
You are completely covered in sharp spines.
Spells you cast may paralyse adjacent enemies.
Your touch may inflict irresistible damage on your foes.


Message History

The swamp worm is struck by your spines.
The swamp worm bites you.
* * * LOW HITPOINT WARNING * * *
You hit the swamp worm but do no damage.
The swamp worm is moderately wounded.
The goliath frog closely misses you.
You puncture the swamp worm! You burn the swamp worm.
The swamp worm is almost dead.
The swamp worm bites you!
* * * LOW HITPOINT WARNING * * *
You block the goliath frog's attack.
The goliath frog is struck by your spines.
The goliath frog hits you but does no damage.
You impale the goliath frog!! You burn the goliath frog!
The goliath frog is severely wounded.
You hit the swamp worm. You burn the swamp worm.
The swamp worm is almost dead.
The goliath frog hits you.
* * * LOW HITPOINT WARNING * * *
You are splashed with acid.
You resist.
* * * LOW HITPOINT WARNING * * *
The swamp worm is struck by your spines.
You kill the swamp worm!
Kikubaaqudgha accepts your kill.
You barely miss the goliath frog.
The goliath frog is severely wounded.
You miss the goliath frog.
The goliath frog is severely wounded.
You block the goliath frog's attack.
You hit the goliath frog. You burn the goliath frog.
The goliath frog is severely wounded.
You closely miss the goliath frog.
The goliath frog is severely wounded.
The goliath frog misses you.
You hit the goliath frog. You burn the goliath frog.
The goliath frog is severely wounded.
The goliath frog is struck by your spines.
The goliath frog hits you!!
You die...
Kikubaaqudgha rasps: "You have failed me!
Welcome... death!"

♣.♣.≈≈♣♣♣♣ ♣♣....≈..♣♣♣
♣...≈..≈.≈
♣≈.♣....§.♣≈♣♣..≈....[.
♣≈.♣....≈.≈≈...≈≈...≈..
♣♣≈......♣.≈.♣≈≈..≈...≈≈
....♣###.##.#♣..≈....≈♣
)...♣#......≈..≈...≈..♣♣
)♣♣≈≈#....≈≈..≈...≈≈.≈≈♣
♣♣♣.♣....≈≈.....@....≈..
♣♣..........≈.)F≈...≈≈.♣
♣.##.#...≈..)...≈...≈≈♣♣
♣....♣.....#......≈...≈♣
♣♣♣♣♣♣♣≈♣♣♣♣..≈≈≈....(♣
♣#♣ #.......≈..♣
#≈.≈≈≈≈...≈♣♣
#≈≈.≈.......♣
#.≈≈≈§...≈.♣♣


You could see a goliath frog (strong).

Vanquished Creatures
  Kirke (Lair:4)
  A thorn hunter (Lair:4)
  A fenstrider witch (Swamp:1)
  A stone giant (D:15)
  A bunyip (Swamp:1)
  2 eleionomae (Swamp:1)
  Azrael (D:15)
  Josephine (D:10)
  9 hydras
  A two-headed ogre (D:10)
  2 boulder beetles
  3 centaur warriors
  A catoblepas (D:14)
  10 death yaks
  An alligator (Swamp:2)
  2 orc high priests (Orc:1)
  3 tengu warriors
  Nergalle (D:12)
  3 goliath frogs
  A fire crab (Lair:5)
  A skeletal warrior (D:14)
  2 spriggan druids (Swamp:2)
  A lindwurm (Lair:3)
  A bog body (Swamp:2)
  5 orc knights
  A swamp dragon (Swamp:1)
  A deep elf pyromancer (D:11)
  Pikel (D:8)
  An orc sorcerer (Orc:1)
  A wolf spider (D:12)
  7 cyclopes
  2 manticores
  2 will-o-the-wisps (Swamp:1)
  16 ugly things
  11 elephants
  7 black mambas
  A torpor snail (Lair:4)
  5 gargoyles
  2 unseen horrors
  11 cane toads
  6 komodo dragons
  5 rime drakes
  2 tengu conjurers
  3 trolls
  10 polar bears (Lair:6)
  2 tyrant leeches
  A wolf spider simulacrum (D:15)
  7 blink frogs
  3 hornets
  11 dream sheep
  7 slime creatures
  3 wyverns
  A shadow (D:10)
  Sigmund (D:2)
  5 spriggans
  7 wraiths
  3 water elementals
  Grum (D:9)
  2 hogs (Lair:4)
  5 basilisks
  A fire elemental (D:15)
  30 yaks
  A steam dragon (D:4)
  2 redbacks (Lair:4)
  9 vampire mosquitoes
  16 wargs
  8 swamp worms
  2 acid dragons
  A naga (shapeshifter) (D:14)
  21 hell hounds
  15 water moccasins
  3 ice beasts
  36 orc warriors
  3 sky beasts
  14 black bears
  12 ogres
  14 centaurs
  69 wolves
  3 lemures
  A phantom (D:5)
  2 kobold brigands
  15 bullfrogs
  A gnoll sergeant (D:6)
  5 scorpions
  22 wights
  17 killer bees
  7 electric eels
  2 howler monkeys
  4 jellies
  4 hounds
  Crazy Yiuf (D:2)
  15 orc priests
  2 gnoll shamans
  2 iguanas
  20 orc wizards
  6 hell rats (Lair:1)
  A human simulacrum (D:14)
  26 gnolls
  7 adders
  An ufetubus (D:4)
  2 worms (D:2)
  4 dart slugs
  96 orcs
  6 endoplasms
  5 giant cockroaches
  12 goblins
  8 hobgoblins
  4 quokkas
  11 ball pythons
  5 bats (D:1)
  2 frilled lizards
  19 kobolds
  7 rats
812 creatures vanquished.

Vanquished Creatures (collateral kills)
  Jorgrun (D:15)
  An ironbound preserver (D:14)
  An alligator (Swamp:2)
  2 ugly things
  4 slime creatures
  A tengu conjurer (D:13)
  A freezing wraith (D:14)
  A warg (Lair:6)
  A hell hound (Lair:6)
  A wolf (Lair:6)
  A kobold (D:10)
15 creatures vanquished.

Vanquished Creatures (others)
  4 bloated husks
  A vampire mosquito (D:13)
  A swamp worm (Swamp:2)
  A human simulacrum (D:14)
  2 orcs (D:5)
  4 foxfires (Swamp:1)
  24 fungi
  58 plants
95 creatures vanquished.

Grand Total: 922 creatures vanquished

Notes
Turn   | Place    | Note
-------+----------+-------------------------------------------
     0 | D:1      | dolemite99 the Demonspawn Fighter began the quest for the
                  | Orb.
     0 | D:1      | Reached XP level 1. HP: 18/18 MP: 1/1
   190 | D:1      | Found a faded altar of an unknown god.
   195 | D:1      | Prayed at the altar of an unknown god.
   195 | D:1      | Became a worshipper of Kikubaaqudgha
   195 | D:1      | Reached * piety under Kikubaaqudgha
   195 | D:1      | Received a gift from Kikubaaqudgha
   287 | D:1      | Gained mutation: Your touch may inflict minor irresistible
                  | damage on your foes. [demonic ancestry]
   287 | D:1      | Reached XP level 2. HP: 22/24 MP: 2/2
   601 | D:1      | Found Ipsaon's General Store.
   687 | D:1      | Gained mutation: Your touch may inflict irresistible damage
                  | on your foes. [demonic ancestry]
   687 | D:1      | Reached XP level 3. HP: 25/29 MP: 3/3
  1379 | D:2      | Learned a level 1 spell: Animate Skeleton
  1520 | D:2      | Found Sutsuque's Assorted Antiques.
  1530 | D:2      | Bought a scroll labelled TIOJUX YBRUMP for 27 gold pieces
  1530 | D:2      | Bought a scroll labelled QEADEV YLUSUME for 27 gold pieces
  1544 | D:2      | Reached ** piety under Kikubaaqudgha
  1547 | D:2      | Gained mutation: You are partially covered in sharp spines.
                  | [demonic ancestry]
  1547 | D:2      | Reached XP level 4. HP: 35/35 MP: 4/4
  1588 | D:2      | Noticed Sigmund
  1591 | D:2      | Killed Sigmund
  1592 | D:2      | Reached skill level 5 in Axes
  1592 | D:2      | Gained mutation: You are mostly covered in sharp spines.
                  | [demonic ancestry]
  1592 | D:2      | Reached XP level 5. HP: 31/41 MP: 5/5
  2201 | D:2      | Found a runed translucent door.
  2202 | D:2      | Noticed Crazy Yiuf
  2208 | D:2      | Killed Crazy Yiuf
  2209 | D:2      | Reached XP level 6. HP: 32/47 MP: 6/6
  2418 | D:3      | Found an iron altar of Okawaru.
  2439 | D:3      | Found a sacrificial altar of Ru.
  2853 | D:3      | Found Xaock's Magic Scroll Emporium.
  2890 | D:3      | Bought a scroll of blinking for 75 gold pieces
  3166 | D:4      | Found an ancient bone altar of Kikubaaqudgha.
  3316 | D:4      | Noticed a steam dragon
  3325 | D:4      | Killed a steam dragon
  3326 | D:4      | Gained mutation: You are surrounded by a mild repulsion
                  | field. (EV +2) [demonic ancestry]
  3326 | D:4      | Reached XP level 7. HP: 19/52 MP: 7/7
  3748 | D:4      | Got the Grimoire of Venom and the Volcanoes
  4420 | D:3      | Bought a scroll of teleportation for 30 gold pieces
  4420 | D:3      | Bought a scroll of enchant armour for 75 gold pieces
  4480 | D:5      | Entered Level 5 of the Dungeon
  4550 | D:5      | Reached *** piety under Kikubaaqudgha
  4550 | D:5      | Received a gift from Kikubaaqudgha
  4910 | D:5      | Found a sparkling altar of Nemelex Xobeh.
  4965 | D:5      | Reached XP level 8. HP: 29/58 MP: 8/8
  5471 | D:1      | Bought a scroll of teleportation for 33 gold pieces
  5471 | D:1      | Bought a potion of attraction for 33 gold pieces
  6074 | D:5      | Found a staircase to the Ecumenical Temple.
  6600 | D:6      | Reached skill level 10 in Axes
  7146 | D:6      | Identified the +2 ring mail of Optimism {Dex+4}
  7243 | D:6      | Found a snail-covered altar of Cheibriados.
  7343 | D:6      | Reached **** piety under Kikubaaqudgha
  7352 | D:6      | Reached XP level 9. HP: 52/63 MP: 9/9
  7645 | D:6      | Reached skill level 1 in Polearms
  7666 | D:6      | Noticed Blork the orc
  7816 | D:6      | Found a shimmering blue altar of Sif Muna.
  8508 | D:7      | Found a shimmering altar of Xom.
  8515 | D:7      | Identified the +1 ring mail "Jisk" {Str+3}
  8989 | D:8      | Noticed Pikel
  9095 | D:2      | Bought a bronze ring for 135 gold pieces
  9237 | D:8      | Reached skill level 5 in Polearms
  9792 | D:8      | Killed Pikel
  9850 | D:8      | Reached ***** piety under Kikubaaqudgha
  9957 | D:8      | Gained mutation: You are surrounded by a moderate repulsion
                  | field. (EV +3) [demonic ancestry]
  9957 | D:8      | Reached XP level 10. HP: 70/70 MP: 10/10
 11146 | D:9      | Identified the +6 hunting sling "Vomu" {venom, rElec Str+4
                  | Int+2}
 11170 | D:9      | Noticed a +0 falchion
 11170 | D:9      | Noticed a +0 dagger
 11170 | D:9      | Noticed a +0 short sword
 11170 | D:9      | Noticed a +0 dagger
 11170 | D:9      | Noticed a +0 spear
 11170 | D:9      | Noticed a +0 short sword
 11171 | D:9      | Noticed a +0 spear
 11173 | D:9      | Noticed a +0 falchion
 11223 | D:9      | Found a hide-covered altar of Uskayaw.
 11545 | D:9      | Reached skill level 5 in Shields
 12032 | D:9      | Found a staircase to the Lair.
 12783 | D:9      | Noticed Grum
 12806 | D:9      | Killed Grum
 12810 | D:9      | Gained mutation: You are completely covered in sharp
                  | spines. [demonic ancestry]
 12810 | D:9      | Reached XP level 11. HP: 69/75 MP: 11/11
 12891 | Lair:1   | Entered Level 1 of the Lair of Beasts
 13056 | D:2      | Bought a wand of flame (13) for 27 gold pieces
 13295 | Lair:1   | Reached skill level 1 in Evocations
 13601 | Lair:1   | Noticed a death yak
 13601 | Lair:1   | Noticed a death yak
 13601 | Lair:1   | Noticed a death yak
 13602 | Lair:1   | Noticed a death yak
 13602 | Lair:1   | Noticed a death yak
 13998 | Lair:1   | Killed a death yak
 14339 | D:9      | Killed a death yak
 14340 | D:9      | Reached skill level 5 in Evocations
 14342 | D:9      | Killed a death yak
 14559 | Lair:1   | Killed a death yak
 14572 | D:9      | Killed a death yak
 15390 | Lair:2   | Noticed a four-headed hydra
 15394 | Lair:2   | Reached skill level 5 in Fighting
 15779 | Lair:2   | Reached skill level 5 in Armour
 15802 | Lair:2   | Noticed a seven-headed hydra
 15818 | Lair:2   | Killed a seven-headed hydra
 15840 | Lair:2   | Gained mutation: You are surrounded by a strong repulsion
                  | field. (EV +4, RMsl) [demonic ancestry]
 15840 | Lair:2   | Reached XP level 12. HP: 24/88 MP: 5/12
 16185 | Lair:2   | Killed a four-headed hydra
 17282 | Lair:3   | Noticed a six-headed hydra
 17303 | Lair:3   | Killed a six-headed hydra
 18142 | Lair:3   | Noticed a six-headed hydra
 18149 | Lair:3   | Killed a six-headed hydra
 19112 | Lair:4   | Noticed Jysajome's ghost (adept OgCj)
 19119 | Lair:4   | Found a staircase to the Swamp.
 19244 | Lair:4   | Noticed a seven-headed hydra
 19251 | Lair:4   | Killed a seven-headed hydra
 19459 | Lair:4   | Found a hole to the Spider Nest.
 19486 | Lair:4   | Noticed Kirke
 19798 | Lair:4   | Killed Kirke
 19799 | Lair:4   | Gained mutation: Spells you cast may paralyse adjacent
                  | enemies. [demonic ancestry]
 19799 | Lair:4   | Reached XP level 13. HP: 103/103 MP: 13/13
 20145 | Lair:4   | Found a transporter.
 20273 | Lair:4   | Found a transporter.
 20660 | Spider:1 | Entered Level 1 of the Spider Nest
 20706 | Lair:4   | Reached skill level 10 in Fighting
 20823 | Lair:5   | Identified the ring "Enatucwio" {Fire Str+3}
 21597 | Lair:5   | HP: 1/103 [death yak (12)]
 21637 | Lair:5   | Reached ****** piety under Kikubaaqudgha
 22008 | Lair:5   | HP: 5/103 [death yak (12)]
 22789 | Lair:5   | Found a runed translucent door.
 22790 | Lair:5   | Found a viscous altar of Jiyva.
 22790 | Lair:5   | Found a staircase to the Slime Pits.
 22920 | Lair:6   | Entered Level 6 of the Lair of Beasts
 23066 | Lair:6   | Got the Guide on Torrid Flight
 23247 | Lair:6   | Identified the ring of Suspicion {+Blink rF+ rCorr}
 23264 | Lair:6   | Identified a +4 trident of pain (a +2 trident of flaming
                  | bloodied by Kikubaaqudgha)
 23264 | Lair:6   | Received a gift from Kikubaaqudgha
 23269 | Lair:6   | Learned a level 1 spell: Animate Skeleton
 23273 | Lair:6   | Learned a level 3 spell: Vampiric Draining
 23724 | Lair:6   | Found a runed translucent door.
 23725 | Lair:6   | Found a shimmering altar of Xom.
 23725 | Lair:6   | Noticed Daunt's ghost (journeyman DgHu)
 24055 | Lair:6   | Reached skill level 1 in Necromancy
 24206 | Lair:6   | Reached XP level 14. HP: 52/116 MP: 6/14
 24680 | Lair:6   | Reached skill level 5 in Necromancy
 26156 | D:10     | Entered Level 10 of the Dungeon
 26221 | D:10     | Found a portal to a secret trove of treasure.
 26795 | D:10     | Found the +18 Lear's hauberk
 27289 | D:10     | Found a staircase to the Orcish Mines.
 27405 | D:10     | Reached skill level 1 in Spellcasting
 27519 | D:10     | Noticed Josephine
 27530 | D:10     | Killed Josephine
 28337 | Orc:1    | Entered Level 1 of the Orcish Mines
 28581 | D:10     | Reached skill level 1 in Slings
 29760 | Orc:2    | Entered Level 2 of the Orcish Mines
 30024 | Orc:2    | Found a staircase to the Elven Halls.
 31248 | Orc:2    | Reached skill level 5 in Spellcasting
 31303 | Orc:2    | Found Reusoc's Assorted Antiques.
 31303 | Orc:2    | Found Hoputivu's Weapon Emporium.
 31305 | Orc:2    | Found Nypsos's General Store.
 31307 | Orc:2    | Found Xelekec's Distillery.
 32668 | D:3      | Bought 2 scrolls of summoning for 190 gold pieces
 32933 | Orc:2    | Bought a potion of heal wounds for 75 gold pieces
 32933 | Orc:2    | Bought a potion of heal wounds for 75 gold pieces
 32933 | Orc:2    | Bought a potion of heal wounds for 75 gold pieces
 32933 | Orc:2    | Bought a potion of heal wounds for 75 gold pieces
 32933 | Orc:2    | Bought a potion of curing for 45 gold pieces
 32935 | Orc:2    | Bought a scroll of summoning for 294 gold pieces
 32935 | Orc:2    | Bought a potion of might for 124 gold pieces
 32935 | Orc:2    | Bought a scroll of teleportation for 93 gold pieces
 32944 | Orc:2    | Learned a level 2 spell: Corpse Rot
 33316 | D:1      | Bought a scroll of enchant armour for 82 gold pieces
 33318 | D:1      | Bought 2 potions of haste for 220 gold pieces
 34269 | D:12     | Reached skill level 5 in Slings
 34829 | D:12     | Reached XP level 15. HP: 93/122 MP: 18/23
 34867 | D:12     | Noticed Nergalle
 34879 | D:12     | Killed Nergalle
 35486 | D:13     | Reached skill level 10 in Necromancy
 35486 | D:13     | Reached XP level 16. HP: 129/129 MP: 24/24
 35963 | D:13     | Identified the +11 halberd of Ihuol {vamp, Str+2 SInv}
 37620 | D:14     | Reached skill level 10 in Polearms
 38718 | D:14     | Found a gate to the Vaults.
 38960 | D:15     | Entered Level 15 of the Dungeon
 38966 | D:15     | Noticed Jorgrun
 38989 | D:15     | Killed Jorgrun
 39304 | D:15     | Found a staircase to the Depths.
 39573 | D:15     | Found a runed translucent gate.
 39574 | D:15     | Found a runed translucent gate.
 39574 | D:15     | Found a runed translucent gate.
 39605 | D:15     | Noticed Azrael
 39614 | D:15     | Killed Azrael
 39720 | D:15     | Found a corrupted altar of Lugonu.
 40291 | Swamp:1  | Entered Level 1 of the Swamp
 40293 | Swamp:1  | Noticed a thorn hunter
 40308 | Lair:4   | Killed a thorn hunter
 41021 | Swamp:1  | Learned a level 4 spell: Animate Dead
 42360 | Swamp:2  | Paralysed by a fenstrider witch for 4 turns
 43195 | Swamp:2  | Mangled by a goliath frog

Illustrated notes

Levels and vault maps discovered:
D:1:      amcnicky_arrival_abandoned_market, layout_basic,
          basic_ecumenical_altar, serial_shops, shop, serial_corexii_hall,
          corexii_hall_statues_i, corexii_hall_statues_s, minmay_misc_feat_rows,
          due_unseen_surprise
D:2:      layout_loops_ring, serial_shops, nicolae_shop_hallway_stairs,
          kennysheep_generic_room_8, uniq_sigmund, uniq_crazy_yiuf_cottage
D:3:      layout_basic, mainiacjoe_overflow_paths,
          nicolae_overflow_crystal_walls, serial_shops, nicolae_square_shop
D:4:      layout_basic, amcnicky_altar_gilded, lemuel_another_geyser
D:5:      layout_cave_pods, nemelex_spade_bored_becter,
          minmay_temple_entry_grid, grunt_decor_one_mirror
D:6:      layout_basic, tgw_sif, kennysheep_mini_moat
D:7:      layout_loops_ring, mainiacjoe_overflow_boulevard
D:8:      layout_loops_corners, lightli_bailey_entry_fortress,
          kennysheep_generic_room_15, uniq_pikel
D:9:      layout_stronghold, nicolae_uskayaw_en_pointe,
          erik_lair_orcish_takeover, uniq_grum
D:10:     layout_basic, erik_orc_3, serial_co_window_serial, co_window_paths_a,
          co_window_paths_a, co_window_paths_b, co_window_corner_a,
          co_window_of_opportunity_a, co_window_corner_b, co_window_corner_b,
          co_window_paths_c, co_window_corner_b, co_window_of_opportunity_c,
          co_window_4corner_a, glass_columns_c, glass_columns_a,
          glass_columns_c, enter_trove_6, hellmonk_guarded_unrand_lears,
          uniq_josephine
D:11:     layout_roguey, ebering_dispersal_statue_hall
D:12:     layout_rooms, uniq_nergalle
D:13:     layout_rooms
D:14:     layout_basic, skrybe_vaults_entry_preservation, bh_circular_ruins
D:15:     grunt_enter_depths_giant_problem, layout_irregular_city,
          nicolae_water_bricks, ploomutoo_gammafunk_ghost_potion_laboratory,
          chequers_arboretum, tgw_lugonu_bribe, uniq_azrael, uniq_jorgrun
Lair:1:   layout_regular_city
Lair:2:   layout_regular_city, nicolae_lair_grove_arrangements,
          grunt_forest_small_clearing_treed
Lair:3:   layout_cellular_growth, portal_ice_cave_entry_pillars_1,
          serial_bayou_lagoon_b, grunt_megastairs_2
Lair:4:   layout_cave_shapes, minmay_swamp_entry_worms, spider_nest_entry_webs,
          gammafunk_ghost_arena, lemuel_fruit_fields, uniq_kirke
Lair:5:   layout_long_grid, slime_altar_2, minivault_23, minivault_24,
          grunt_forest_large_clearings
Lair:6:   hangedman_lair_caniforms_friends, layout_cave_shapes,
          ebering_ghost_xom
Swamp:1:  layout_basic_swamp, evilmike_swamp_ruin_house_3,
          hangedman_swamp_blocks, swamp_pool1, nicolae_swamp_super_fun_site
Swamp:2:  layout_falls_marsh, evilmike_swamp_ruin_house_6, swamp_pool4
Swamp:3:  layout_falls_marsh, evilmike_swamp_ruin_house_1, swamp_pool2,
          nzn_swamp_stair_ambush
Spider:1: layout_cave_pods, uniq_aizul, uniq_rupert
Orc:1:    layout_diamond_mine, nicolae_orc_sculptors_studio, mines2_david
Orc:2:    st_orc_rangers, layout_diamond_mine, mines5_lemuel

Skill      XL: |  1  2  3  4  5  6  7  8  9 10 11 12 13 14 15 16 |
---------------+-------------------------------------------------+-----
Axes           | 2 3 5 7 8 10 11 | 11.1
Polearms       | 7 8 9 12 | 12.2
Shields        | 7 9 |  9.5
Evocations     | 6 |  6.3
Armour         | 5 9 |  9.4
Fighting       | 6 9 12 | 12.6
Necromancy     | 4 8 10 | 10.7
Spellcasting   | 5 |  5.6
Slings         | 5 8 |  8.5

Action                   |  1- 3 |  4- 6 |  7- 9 | 10-12 | 13-15 | 16-18 || total
-------------------------+-------+-------+-------+-------+-------+-------++-------
Melee: War axe           |   116 |    75 |   143 |       |       |       ||   334
       Trident           |       |       |   148 |   529 |  1044 |   390 ||  2111
       Unarmed           |       |       |       |    12 |       |       ||    12
       Hunting sling     |       |       |       |       |     2 |       ||     2
 Fire: Hunting sling     |       |       |       |   116 |   294 |   132 ||   542
Throw: Stone             |    17 |    11 |    11 |    38 |    46 |       ||   123
       Dart              |       |     7 |    75 |    53 |       |       ||   135
 Cast: Animate Skeleton  |       |       |       |       |    24 |    11 ||    35
Invok: Brand Weapon With |       |       |       |       |     1 |       ||     1
       Receive Corpses   |       |       |       |       |     5 |     2 ||     7
Evoke: Wand              |       |       |     2 |     4 |       |    19 ||    25
       Tin of tremorston |       |       |       |     4 |     2 |     4 ||    10
       Box of beasts     |       |       |       |       |     1 |     3 ||     4
       Lightning rod     |       |       |       |       |       |    10 ||    10
  Use: Scroll            |     5 |     3 |     3 |    10 |    18 |    12 ||    51
       Potion            |       |     3 |       |     2 |     7 |     9 ||    21
 Stab: Paralysed         |       |       |       |       |       |     2 ||     2
       Petrified         |       |       |       |       |       |     1 ||     1
Armor: Scale mail        |    71 |    12 |       |       |       |       ||    83
       Chain mail        |       |    15 |   127 |    19 |   176 |    10 ||   347
       Plate armour      |       |       |       |   259 |   345 |   180 ||   784
Dodge: Dodged            |    59 |    15 |    79 |   199 |   602 |   146 ||  1100
       Repelled          |       |       |       |       |     6 |    15 ||    21
Block: Buckler           |    29 |    13 |    43 |       |       |       ||    85
       Kite shield       |       |       |    28 |   275 |   730 |   207 ||  1240

Table legend: (Time is in decaauts)
 A = Elapsed time spent in this place.
 B = Non-inter-level travel time spent in this place.
 C = Inter-level travel time spent in this place.
 D = Time resting spent in this place.
 E = Time spent auto-exploring this place.
 F = Levels seen in this place.
 G = Mean time per level.
                   A        B        C        D        E       F      G
               +--------+--------+--------+--------+--------+-----+--------+
         Total |  43642 |  40410 |   3232 |  14493 |  17994 |  27 | 1616.4 |
       Dungeon |  23910 |  21430 |   2480 |   6243 |  10838 |  15 | 1594.0 |
          Lair |  12953 |  12514 |    439 |   5327 |   5013 |   6 | 2158.8 |
         Swamp |   2454 |   2440 |     14 |   1346 |    620 |   3 |  818.0 |
   Spider Nest |      1 |      1 |      0 |      0 |      0 |   1 |    1.0 |
  Orcish Mines |   4321 |   4023 |    298 |   1576 |   1522 |   2 | 2160.5 |
               +--------+--------+--------+--------+--------+-----+--------+

Top non-repeatable levels by time:
  Lair:6: 2885 daAuts
    D:14: 2586 daAuts
   Orc:2: 2509 daAuts
    D:10: 2460 daAuts
     D:9: 2391 daAuts
  Lair:5: 2332 daAuts
  Lair:4: 2271 daAuts
 Swamp:1: 2065 daAuts
     D:5: 2022 daAuts
  Lair:3: 2011 daAuts
     D:8: 1828 daAuts
     D:7: 1818 daAuts
   Orc:1: 1812 daAuts
  Lair:1: 1789 daAuts
  Lair:2: 1662 daAuts
